Map: Cyber Forest LE

Players

SandboX - Winner!

  • Race: Zerg Zerg
  • League: Gold
  • Spawn Location: 11:00

Abysmal

  • Race: Zerg Zerg
  • League: Gold
  • Spawn Location: 5:00

VOD

Have the link to the VOD?

Description

Time

  • Played on: Aug. 11, 2019, 4:24 p.m.
  • Length: 6:11
Show
View Real Time Build Order
Export as new Build Order

SandboX Zerg - Winner!

Build Orders: Hatch First 

Get SALT Encoding   

  12  0:01  Drone  
  13  0:13  Overlord  
  13  0:20  Drone  
  14  0:31  Drone x2  
  14  0:35  Drone  
  17  0:57  Hatchery  
  16  1:00  Drone  
  16  1:01  Drone  
  18  1:04  Extractor  
  17  1:18  Spawning Pool  
  17  1:21  Drone  
  17  1:25  Drone  
  18  1:30  Drone  
  19  1:46  Overlord  
  19  2:10  Zergling x6  
  19  2:11  Queen x2  
  19  2:15  Metabolic Boost  
  26  2:19  Drone  
  27  2:24  Drone  
  28  2:33  Drone x2  
  30  2:49  Hatchery  
  29  2:56  Drone x2  
  29  2:57  Drone  
  32  3:15  Zergling x4  
  32  3:16  Zergling x4  
  32  3:18  Overlord  
  32  3:19  Overlord  
  35  3:34  Overlord x3  
  34  3:44  Baneling Nest  
  34  3:45  Zergling x6  
  35  4:07  Zergling x12  
  41  4:16  Zergling x12  
  45  4:24  Zergling x6  
  45  4:31  Zergling x4  
  50  4:34  Baneling x2  
  50  4:35  Baneling x3  
  50  4:36  Baneling  
  46  5:00  Zergling x18  
  52  5:27  Queen  
  54  5:28  Queen  
  54  5:30  Zergling x12  
  62  5:39  Baneling  
  62  5:40  Baneling x7  
  62  5:49  Overlord  
  62  5:50  Overlord  
Show
View Real Time Build Order
Export as new Build Order

Abysmal Zerg 

Build Orders: Hatch First 

Get SALT Encoding   

  12  0:25  Drone x2  
  14  0:40  Hatchery  
  13  0:44  Overlord  
  13  0:48  Drone  
  14  1:03  Drone x2  
  16  1:09  Drone  
  17  1:17  Extractor  
  16  1:19  Drone  
  17  1:32  Drone  
  18  1:38  Spawning Pool  
  17  1:43  Drone  
  19  1:54  Drone  
  19  1:56  Drone  
  19  1:59  Hatchery  
  19  2:03  Drone  
  19  2:05  Drone  
  21  2:21  Drone x2  
  23  2:34  Queen x2  
  27  2:43  Drone  
  28  2:44  Drone, Roach Warren  
  28  2:50  Overlord  
  28  3:02  Spine Crawler  
  28  3:03  Zergling x2  
  28  3:10  Zergling x8  
  32  3:17  Zergling x2  
  32  3:18  Zergling x2  
  34  3:25  Zergling x2, Roach  
  34  3:33  Roach x2  
  38  3:37  Roach  
  38  3:45  Roach  
  38  3:47  Overlord  
  40  3:48  Drone  
  40  3:55  Overlord  
  40  4:09  Spine Crawler  
  39  4:12  Roach x2, Spine Crawler  
  34  4:21  Roach x2  
  40  4:31  Roach x2  
  40  4:32  Roach  
  42  4:39  Drone x3  
  42  4:45  Drone  
  38  5:01  Drone x4  
  38  5:02  Drone x3  
  41  5:11  Spine Crawler  
  40  5:24  Drone x3  
  40  5:26  Drone x3  
  45  5:39  Roach x2  
  45  5:40  Roach  
  51  5:49  Overlord  
  51  5:50  Overlord  
  51  5:57  Spore Crawler  
Tags
 
Add a new tag
Caveats
  • Supply blocks, unpowered buildings, or Contaminate may cause inaccurate times.
  • Supply counts are checked every 10 seconds.